 Dungeon Crawl Stone Soup version bcrawl-1.39.1 (webtiles) character file.

Game seed: 2387516068991726589

373588 Tinttamiau the Covert (level 9, 56/56 HPs)
             Began as a Mana Stalker Gladiator on Oct 3, 2023.
             Quit the game in the Ecumenical Temple.
             The game lasted 00:10:26 (4264 turns).

Tinttamiau the Covert (Mana Stalker Gladiator)      Turns: 4264, Time: 00:10:26

Health: 56/56      AC:  8    Str: 16    XL:     9   Next: 47%
Magic:  10/10      EV: 15    Int:  8    God:
Gold:   62         SH:  5    Dex: 20    Spells: 8/8 levels left

rFire    . . .     GDR:     31% q - +3 dagger (elec)
rCold    . . .     SeeInvis .   (no shield)
rNeg     + . .     Gourm    .   y - +0 troll leather armour
rPois    .         Faith    .   c - +0 helmet
rElec    .         Spirit   .   C - +2 ratskin cloak {+Rats rN+}
rCorr    .         Reflect  +   (no gloves)
MR       +....                  (no boots)
Stlth    ++++......             g - +5 amulet of reflection
HPRegen  0.99/turn              (no ring)
MPRegen  0.12/turn              (no ring)

@: no status effects
A: fangs 3, magic resistance 1, regeneration 1, antimagic bite, no potion heal
3, rot immunity, strong jaws
a: Evoke Ratskin


You were in the Ecumenical Temple.
You were hungry.

You visited 2 branches of the dungeon, and saw 7 of its levels.

You collected 678 gold pieces.
You spent 616 gold pieces at shops.

Inventory:

Hand Weapons
 a - a +0 rapier
 q - a +3 dagger of electrocution (weapon)
Missiles
 d - a throwing net (quivered) {=f}
Armour
 b - a +0 leather armour
 c - a +0 helmet (worn)
 h - the cursed +1 ring mail of Curiosity {-Cast rN++ MR+ Int+4}
   (You took it off an orc on level 4 of the Dungeon)

   It affects your intelligence (+4).
   It greatly protects you from negative energy.
   It affects your resistance to hostile enchantments.
   It prevents spellcasting.
   It has a curse placed upon it.
 y - a +0 troll leather armour (worn)
 C - the +2 ratskin cloak (worn) {+Rats rN+}
   (You bought it in a shop on level 4 of the Dungeon)

   It protects you from negative energy.
Jewellery
 g - a +5 amulet of reflection (around neck)
Wands
 u - a wand of polymorph (7)
 v - a wand of iceblast (14)
 w - a wand of digging (12)
Scrolls
 i - a scroll of identify
 j - 4 scrolls of remove curse
 l - 4 scrolls of enchant armour
 m - a scroll of fear
 o - 2 scrolls of teleportation
 x - a scroll of fog
 D - a scroll of revelation {unknown}
Potions
 f - 5 potions of curing
 k - 2 potions of degeneration {unknown}
 n - 3 potions of lignification {unknown}
 p - a potion of magic {unknown}
 r - 3 potions of might {unknown}
 s - 2 potions of mutation {unknown}
 t - 3 potions of brilliance {unknown}
 z - a potion of flight {unknown}
 A - a potion of agility {unknown}
Comestibles
 e - 8 rations {!d}


   Skills:
 + Level 6.8 Fighting
 + Level 7.1 Short Blades
 - Level 1.7 Throwing
 - Level 0.3 Armour
 - Level 5.0 Dodging
 + Level 9.3 Stealth


You had 8 spell levels left.
You didn't know any spells.
Your spell library contained the following spells:

 Spells                   Type           Power        Failure   Level  Hunger
 Beastly Appendage        Tmut           #.....       47%         1    None
 Static Discharge         Air            #.....       47%         1    None
 Passwall                 Tmut/Erth      #.......     63%         2    ####...
 Shock                    Conj/Air       #......      63%         2    ####...
 Sticks to Snakes         Tmut           #.......     63%         2    ####...
 Swiftness                Chrm/Air       #.......     63%         2    ####...
 Mephitic Cloud           Conj/Pois/Air  #.......     85%         3    #####..
 Spider Form              Tmut/Pois      #..          85%         3    #####..
 Ice Form                 Ice/Tmut       #.......     99%         4    ######.
 Lightning Bolt           Conj/Air       #.......     99%         4    ######.
 Blade Hands              Tmut           #.........   100%        5    #######


Dungeon Overview and Level Annotations

Branches:
Dungeon (6/12)             Temple (1/1) D:6

Altars:
Ashenzari
Cheibriados
Dithmenos
Elyvilon
Fedhas
Gozag
Hepliaklqana
Kikubaaqudgha
Lugonu
Makhleb
Nemelex Xobeh
Okawaru
Qazlal
Ru
Sif Muna
Trog
Vehumet
Wu Jian
Xom
Yredelemnul
Zin
The Shining One

Shops:
D:4 [


Innate Abilities, Weirdness & Mutations

You have razor-sharp teeth.
You are resistant to hostile enchantments. (MR+)
Your natural rate of healing is unusually fast.
Your bite disrupts and absorbs the magic of your enemies.
Potions cannot restore your health.
You are immune to rotting.
Your bites deal extra damage.


Message History

Moving in this stuff is going to be slow.
There is a white marble altar of Elyvilon here.
You enter the shallow water.
Moving in this stuff is going to be slow.
You enter the shallow water.
Moving in this stuff is going to be slow.
There is a glowing silver altar of Zin here.
You enter the shallow water.
Moving in this stuff is going to be slow.
All of the chunks of flesh in your inventory have rotted away.
There is a hazy altar of Hepliaklqana here.
Key pressed, stopping explore.
No target in view!
You enter the shallow water.
Moving in this stuff is going to be slow.
You enter the shallow water.
Moving in this stuff is going to be slow.
You are feeling hungry.
There is a shadowy altar of Dithmenos here.
Are you sure you want to abandon this character and quit the game? (Confirm with "yes".)

≈≈≈≈≈≈≈≈≈≈≈≈≈≈≈≈≈≈≈≈≈≈≈≈≈≈≈≈≈≈≈≈≈
#.#≈###.≈≈≈.##≈≈≈≈##.#≈#≈≈≈≈≈≈≈≈≈
_≈8≈_..._..._..._..≈_≈.≈≈≈≈≈≈≈≈≈≈
≈≈..≈≈..≈....≈....≈≈≈..≈≈.≈≈≈≈≈≈≈
≈≈...≈≈...≈.≈≈≈≈.≈≈..≈.....#≈≈≈≈≈
..≈.≈..≈≈≈≈.≈≈.≈..≈≈≈≈≈.≈<≈#≈≈≈≈≈
≈....≈≈≈....≈...≈≈≈...≈≈..8.≈≈≈≈≈
≈.≈.≈≈≈≈≈.≈.......≈≈.≈≈≈##≈.≈≈≈≈≈
_≈.._..._..._.8.@≈.._.8.≈≈≈≈≈≈≈≈≈
≈≈##.≈≈.#≈.#≈≈.#≈.#####.≈≈≈≈≈≈≈≈≈
≈≈≈≈≈≈≈≈≈≈≈≈≈≈≈≈≈≈≈≈≈≈≈≈≈≈≈≈≈≈≈≈≈
≈≈≈≈≈≈≈≈≈≈≈≈≈≈≈≈≈≈≈≈≈≈≈≈≈≈≈≈≈≈≈≈≈
≈≈≈≈≈≈≈≈≈≈≈≈≈≈≈≈≈≈≈≈≈≈≈≈≈≈≈≈≈≈≈≈≈
≈≈≈≈≈≈≈≈≈≈≈≈≈≈≈≈≈≈≈≈≈≈≈≈≈≈≈≈≈≈≈≈≈
≈≈≈≈≈≈≈≈≈≈≈≈≈≈≈≈≈≈≈≈≈≈≈≈≈
≈≈≈≈≈≈≈≈≈≈≈≈≈≈≈≈≈≈≈≈≈≈≈≈≈
≈≈≈≈≈≈≈≈≈≈≈≈≈≈≈≈≈≈≈≈≈≈≈≈≈


There were no monsters in sight!

Vanquished Creatures
  A troll (D:5)
  Grinder (D:4)
  A wraith (D:6)
  Edmund (D:5)
  A water moccasin (D:3)
  An ogre (D:5)
  A sky beast (D:6)
  3 bullfrogs
  A water moccasin zombie (D:6)
  3 centaurs
  2 howler monkeys
  3 crimson imps
  2 bullfrog zombies
  2 hounds
  2 jellies
  4 orc wizards (D:4)
  A bullfrog skeleton (D:4)
  Ijyb (D:3)
  Natasha (D:3)
  Terence (D:3)
  An iguana (D:3)
  5 worker ants
  A hound zombie (D:5)
  8 gnolls
  6 adders
  A shadow imp (D:5)
  6 worms
  A dart slug (D:2)
  7 leopard geckos
  24 orcs
  3 giant cockroaches
  7 goblins
  9 hobgoblins
  16 jackals
  7 quokkas
  3 ball pythons
  7 bats
  4 frilled lizards
  A jackal zombie (D:5)
  10 kobolds
  4 rats
164 creatures vanquished.

Notes
Turn   | Place    | Note
-------+----------+-------------------------------------------
     0 | D:1      | Tinttamiau the Vine Stalker Gladiator began the quest for
                  | the Orb.
     0 | D:1      | Reached XP level 1. HP: 13/13 MP: 2/2
   103 | D:1      | Reached XP level 2. HP: 18/18 MP: 3/3
   318 | D:1      | Reached XP level 3. HP: 23/23 MP: 4/4
   593 | D:2      | Reached XP level 4. HP: 28/28 MP: 5/5
  1082 | D:3      | Reached skill level 1 in Stealth
  1205 | D:3      | Reached XP level 5. HP: 7/32 MP: 6/6
  1284 | D:3      | Noticed Terence
  1299 | D:3      | Killed Terence
  1300 | D:3      | Reached skill level 2 in Stealth
  1329 | D:3      | Found an opulent altar of Gozag.
  1329 | D:3      | Found a corrupted altar of Lugonu.
  1331 | D:3      | Found a snail-covered altar of Cheibriados.
  1337 | D:3      | Found a blossoming altar of Fedhas.
  1374 | D:3      | Noticed Ijyb
  1407 | D:3      | Killed Ijyb
  1541 | D:3      | Noticed a sky beast
  1545 | D:3      | Noticed a water moccasin
  1545 | D:3      | a sky beast changed into a water moccasin
  1557 | D:3      | Killed a water moccasin
  1558 | D:3      | Reached skill level 3 in Stealth
  1558 | D:3      | Gained mutation: You have razor-sharp teeth. [Vine Stalker
                  | growth]
  1558 | D:3      | Reached XP level 6. HP: 36/38 MP: 7/7
  1853 | D:3      | Found a shimmering altar of Xom.
  1937 | D:3      | Noticed Natasha
  1940 | D:3      | Killed Natasha
  2054 | D:4      | Reached skill level 5 in Dodging
  2067 | D:4      | Reached skill level 4 in Stealth
  2067 | D:4      | Reached XP level 7. HP: 43/43 MP: 8/8
  2313 | D:4      | Reached skill level 5 in Short Blades
  2313 | D:4      | Reached skill level 5 in Stealth
  2337 | D:4      | Noticed Grinder
  2343 | D:4      | Killed Grinder
  2344 | D:4      | Gained mutation: Your bite disrupts and absorbs the magic
                  | of your enemies. [Mana Stalker growth]
  2344 | D:4      | Gained mutation: You are resistant to hostile enchantments.
                  | (MR+) [Mana Stalker growth]
  2344 | D:4      | Reached XP level 8. HP: 41/48 MP: 8/9
  2502 | D:4      | Found Gopuazy's Antique Armour Boutique.
  2532 | D:4      | Reached skill level 5 in Fighting
  2604 | D:4      | Found a burning altar of Makhleb.
  2604 | D:4      | Found a shattered altar of Ashenzari.
  2612 | D:4      | Found an ancient bone altar of Kikubaaqudgha.
  2614 | D:4      | Found a sparkling altar of Nemelex Xobeh.
  2616 | D:4      | Found an ornate altar of the Wu Jian Council.
  2826 | D:5      | Entered Level 5 of the Dungeon
  2831 | D:5      | Noticed a troll
  2835 | D:5      | Killed a troll
  2836 | D:5      | Reached skill level 6 in Stealth
  3014 | D:5      | Identified the cursed +1 ring mail of Curiosity {-Cast rN++
                  | MR+ Int+4}
  3057 | D:5      | Reached skill level 7 in Stealth
  3121 | D:5      | Noticed Edmund
  3135 | D:5      | Killed Edmund
  3250 | D:5      | Noticed a hippogriff
  3351 | D:5      | Reached skill level 8 in Stealth
  3503 | D:6      | Noticed a wraith
  3508 | D:6      | Reached XP level 9. HP: 55/55 MP: 10/10
  3723 | D:4      | Bought the +2 ratskin cloak {+Rats rN+} for 616 gold pieces
  3723 | D:4      | Found the +2 ratskin cloak {+Rats rN+}
  3887 | D:6      | Found a blossoming altar of Fedhas.
  3926 | D:6      | Reached skill level 9 in Stealth
  4167 | D:6      | Found a staircase to the Ecumenical Temple.
  4173 | Temple   | Entered the Ecumenical Temple
  4264 | Temple   | Quit the game

Skill      XL: |  1  2  3  4  5  6  7  8  9 |
---------------+----------------------------+-----
Short Blades   | 3 4 5 6 7 |  7.1
Fighting       | 3 4 6 |  6.8
Dodging        | 4 5 |  5.0
Stealth        | 1 3 4 5 8 9 |  9.3
Throwing       | |  1.7
Armour         | |  0.3

Action                   |  1- 3 |  4- 6 |  7- 9 || total
-------------------------+-------+-------+-------++-------
Melee: Rapier            |    91 |    28 |       ||   119
       Bite              |     6 |    11 |    61 ||    78
       Dagger            |       |   114 |   224 ||   338
       Unarmed           |       |    18 |       ||    18
Throw: Throwing net      |     2 |     2 |     2 ||     6
Evoke: Wand              |       |     1 |       ||     1
  Use: Scroll            |       |     3 |     6 ||     9
       Potion            |       |     1 |       ||     1
 Stab: Sleeping          |       |     5 |     5 ||    10
       Held in net/web   |       |     2 |     2 ||     4
  Eat: Chunk             |     1 |     8 |    11 ||    20
Armor: Leather armour    |    18 |    21 |     8 ||    47
       Troll leather arm |       |       |    20 ||    20
Dodge: Dodged            |    77 |    80 |   127 ||   284
Block: Other             |       |    11 |    50 ||    61
       Reflection        |       |       |     4 ||     4
